 Dungeon Crawl Stone Soup version 0.27-a0-1334-g2746e35aca (webtiles) character file.

Game seed: 6333695537083605872

44 dickylongcocking the Insei (level 3, 0/23 HPs)
             Began as an Octopode Transmuter on June 27, 2021.
             Slain by a jackal (1 damage)
             ... on level 2 of the Dungeon.
             The game lasted 00:00:47 (1433 turns).

dickylongcocking the Insei (Octopode Transmuter)    Turns: 1433, Time: 00:00:48

Health: 0/23       AC:  1    Str:  9    XL:     3   Next: 60%
Magic:  5/6        EV: 13    Int: 16    God:
Gold:   75         SH:  0    Dex: 12    Spells: 5/6 levels left

rFire    . . .     SeeInvis .     - Unarmed
rCold    . . .     Faith    .   (no shield)
rNeg     . . .     Spirit   .   (helmet currently unavailable)
rPois    .         Reflect  .   (no amulet)
rElec    .         Harm     .   (no ring)
rCorr    .         Rampage  .   (no ring)
Will     .....                  (no ring)
Stlth    +++.......             (no ring)
HPRegen  0.07/turn              (no ring)
MPRegen  0.10/turn              (no ring)
                                (no ring)
                                (no ring)

@: brilliant, appendages
A: tentacle spike 3, almost no armour, amphibious, 8 rings, camouflage 1,
gelatinous body 1, (nimble swimmer 1), tentacles
a: End Transformation


You were on level 2 of the Dungeon.
One of your tentacles had grown a beastly spike.
You visited 1 branch of the dungeon, and saw 2 of its levels.

You collected 75 gold pieces.

Inventory:

Scrolls
 a - a scroll of noise {unknown}
 b - a scroll of enchant armour {unknown}
 c - a scroll of fog {unknown}
 d - a scroll of amnesia {unknown}


   Skills:
 + Level 1.1 Fighting
 + Level 2.2 Dodging
 + Level 1.6 Stealth
 * Level 3.5 Unarmed Combat
 + Level 2.3 Spellcasting
 + Level 2.3 Transmutations


You had 5 spell levels left.
You knew the following spells:

 Your Spells              Type           Power      Damage    Failure   Level
a - Beastly Appendage     Tmut           28%        N/A       8%          1

Your spell library contained the following spells:

 Spells                   Type           Power      Damage    Failure   Level
 Wereblood                Tmut           14%        N/A       12%         2
 Spider Form              Tmut/Pois      4%         N/A       36%         3
 Ice Form                 Ice/Tmut       8%         N/A       77%         4


Dungeon Overview and Level Annotations

Branches:
Dungeon (2/15)

Altars:


Innate Abilities, Weirdness & Mutations

One of your tentacles has grown a beastly spike.
You cannot wear most types of armour.
You are amphibious.
You can wear up to eight rings at the same time.
Your skin changes colour to match your surroundings (Stealth+).
Your rubbery body absorbs attacks. (AC +1, EV +1)
((You are camouflaged near water. (Stealth+)))
You have tentacles for arms and can constrict up to eight enemies at once.


Message History

Items here: ) †††.
Casting: Beastly Appendage (safe; 8% risk of failure)
Confirm with . or Enter, or press ? or * to list all spells.
One of your tentacles grows a vicious spike.
The kobold throws a stone.
The stone closely misses you.
Unknown command.
Unknown command.
It was a potion of brilliance.
You feel clever all of a sudden.
The kobold throws a stone.
The stone closely misses you. The jackal barely misses you.
The jackal misses you.
Items here: ) †††.
Casting: Beastly Appendage (safe; 8% risk of failure)
Confirm with . or Enter, or press ? or * to list all spells.
You feel a surge of power!
You extend your transformation's duration.
The jackal barks!
You hear a shout!
The jackal barely misses you.
Unknown command.
Unknown command.
You completely miss the jackal. Your grab misses the jackal.
You pierce the jackal.
Your squeeze misses the jackal.
The jackal is almost dead.
The jackal bites you. The kobold misses you.
The jackal barely misses you. x2; The kobold closely misses you.
The jackal bites you.
Items here: ) †††.
You tentacle-slap the kobold but do no damage.
Your grab misses the kobold. The jackal bites you.
* * * LOW HITPOINT WARNING * * *
The kobold closely misses you. The jackal barely misses you.
The jackal bites you.
* * * LOW HITPOINT WARNING * * *
You miss the jackal. You grab the jackal.
You pierce the jackal.
You kill the jackal!
The jackal closely misses you. The kobold hits you with a +0 dagger.
* * * LOW HITPOINT WARNING * * *
Unknown command.
The jackal bites you.
You die...

.............###....##..
..............##........
............#...!.!.....
...............#...h....
................h.#..#..
............##.####..# #
....<....h..##..# ..#
....#####h.####.# ... .
#@hKJ# .. ... # #†##.#
###........ #.#####.##.#
#.........# #.......##.#
#.........# ####...###.#
#.........# ##..# #.#
#..........
##..###.###.........#
#..............†....#
#........##.........#


You could see an endoplasm, 2 jackals and a kobold.

Vanquished Creatures
  An adder (D:2)
  A worm (D:2)
  2 ball pythons (D:1)
  4 bats (D:1)
  2 endoplasms (D:1)
  A giant cockroach (D:1)
  2 goblins
  2 hobgoblins
  4 jackals (D:2)
  2 kobolds
  2 quokkas
  A frilled lizard (D:2)
  4 rats
28 creatures vanquished.

Notes
Turn   | Place    | Note
-------+----------+-------------------------------------------
     0 | D:1      | dickylongcocking the Octopode Transmuter began the quest
                  | for the Orb.
     0 | D:1      | Reached XP level 1. HP: 13/13 MP: 3/3
     4 | D:1      | Noticed an electric eel
   301 | D:1      | Reached XP level 2. HP: 16/18 MP: 5/5
   724 | D:1      | Reached skill level 1 in Stealth
  1141 | D:2      | Reached XP level 3. HP: 23/23 MP: 4/6
  1432 | D:2      | HP: 1/23 [kobold (1)]
  1433 | D:2      | Slain by a jackal

Illustrated notes

Levels and vault maps discovered:
D:1:      arrival_aquarium_a, layout_basic, serial_rivers,
          chequers_serial_rivers_small_3, chequers_serial_rivers_micro_c,
          chequers_serial_rivers_room_b, chequers_serial_rivers_micro_b,
          chequers_serial_rivers_micro_d, serial_park_tiny_1,
          chequers_decorated_corner
D:2:      layout_rooms, hellmonk_ecumenical_altar_lost_god,
          minmay_shallow_snake_nest

Skill      XL: |  1  2 |
---------------+-------+-----
Stealth        | 1 |  1.6
Fighting       | |  1.1
Dodging        | |  2.2
Unarmed Combat | |  3.5
Spellcasting   | |  2.3
Transmutations | |  2.3

Action                   || total
-------------------------++-------
Melee: Unarmed           ||    66
       Constrict         ||    20
       Tentacles         ||     6
       Kick              ||    11
       Punch             ||     1
 Cast: Beastly Appendage ||    16
  Use: Potion            ||     1
 Stab: Sleeping          ||     7
Armor: Skin              ||     3
Dodge: Dodged            ||    73

Table legend: (Time is in decaauts)
 A = Elapsed time spent in this place.
 B = Non-inter-level travel time spent in this place.
 C = Inter-level travel time spent in this place.
 D = Time resting spent in this place.
 E = Time spent auto-exploring this place.
 F = Levels seen in this place.
 G = Mean time per level.
                   A        B        C        D        E       F      G
               +--------+--------+--------+--------+--------+-----+--------+
         Total |   1428 |   1408 |     20 |     34 |   1175 |   2 |  714.0 |
       Dungeon |   1428 |   1408 |     20 |     34 |   1175 |   2 |  714.0 |
               +--------+--------+--------+--------+--------+-----+--------+

Top non-repeatable levels by time:
     D:1: 1110 daAuts
     D:2: 318 daAuts
